Nashville Predators vs Philadelphia Flyers
Created - Saturday, November 25, 2023 at 12:21
Goals
|
| Nashville Predators |
1 |
1 |
3 |
5 |
| Philadelphia Flyers |
2 |
0 |
1 |
3 |
|
Shots
|
| Nashville Predators |
10 |
7 |
18 |
35 |
| Philadelphia Flyers |
7 |
21 |
15 |
43 |
|
1st period
1. Philadelphia Flyers , Max Pacioretty 18 (Matt Duchene 28, Auston Matthews 38) at 1:01 (PP)
2. Philadelphia Flyers , Matt Duchene 21 (Auston Matthews 39) at 2:05 (PP)
3. Nashville Predators , Sam Gagner 19 (Cale Makar 48) at 14:33 (PP)
Penalties :
Corey Perry (NSH) for Hooking (Minor) at 0:45, Patrick Maroon (NSH) for Interference (Minor) at 1:23, Ben Chiarot (PHI) for Boarding (Minor) at 14:02
2nd period
4. Nashville Predators , Corey Perry 15 (Sam Gagner 20, Ethan Bear 17) at 7:14
Penalties :
Patrick Maroon (NSH) for Hooking (Minor) at 9:12
3rd period
5. Nashville Predators , Corey Perry 16 (Nate Schmidt 10, Sam Gagner 21) at 3:44
6. Nashville Predators , Blake Wheeler 22 (Cale Makar 49, Kevin Labanc 12) at 4:00
7. Philadelphia Flyers , Artem Zub 2 (Oliver Ekman-Larsson 18) at 12:20
8. Nashville Predators , Thomas Novak 16 (Ethan Bear 18, Kevin Labanc 13) at 13:08
Penalties :
Blake Wheeler (NSH) for Interference (Minor) at 7:10
Goalie Stats
Adin Hill (NSH), 40 saves from 43 shots - (0.930), W, 22-18-5, 60:00 minutes
Connor Ingram (PHI), 30 saves from 35 shots - (0.857), L, 18-22-4, 60:00 minutes
Players Stats for Nashville Predators
Player Name G A P +/- PIM S H SB GA TA FO MP PP MP PK MP
------------------------------------------------------------------------------------
Alex Newhook 0 0 0 2 0 2 2 1 2 0 1/2 16:46 0:00 0:25
Alexander Alexeyev 0 0 0 2 0 2 0 1 0 0 0/0 21:24 0:00 2:22
Blake Wheeler 1 0 1 1 2 4 2 0 1 2 0/3 17:09 0:20 1:27
Brett Leason 0 0 0 0 0 2 0 0 0 0 1/1 10:23 0:00 2:13
Cale Makar 0 2 2 0 0 3 2 3 0 1 0/0 24:30 0:31 2:34
Cameron Hughes 0 0 0 0 0 0 0 0 0 0 0/0 8:07 0:00 0:00
Corey Perry 2 0 2 2 2 2 0 0 0 0 3/19 16:40 0:20 0:00
Ethan Bear 0 2 2 2 0 0 2 3 0 0 0/0 19:17 0:00 2:22
Justin Braun 0 0 0 0 0 0 0 0 0 1 0/0 13:07 0:00 0:00
Kevin Labanc 0 2 2 1 0 1 3 0 0 1 0/2 16:21 0:20 0:40
Nate Schmidt 0 1 1 1 0 2 0 2 0 1 0/0 18:50 0:00 0:00
Patrick Maroon 0 0 0 0 4 0 3 0 0 0 0/0 15:16 0:00 0:36
Rasmus Kupari 0 0 0 0 0 3 2 1 0 0 0/0 14:41 0:00 0:00
Rasmus Ristolainen 0 0 0 1 0 2 2 1 0 1 0/0 22:52 0:31 2:34
Riley Nash 0 0 0 0 0 1 1 2 1 0 7/18 17:10 0:11 2:18
Ryan Carpenter 0 0 0 0 0 3 2 0 0 0 3/7 10:23 0:00 2:13
Sam Gagner 1 2 3 2 0 6 1 0 1 0 0/0 16:32 0:11 0:00
Thomas Novak 1 0 1 1 0 2 1 0 0 0 4/10 15:32 0:11 0:00
Players Stats for Philadelphia Flyers
Player Name G A P +/- PIM S H SB GA TA FO MP PP MP PK MP
------------------------------------------------------------------------------------
Artem Zub 1 0 1 0 0 1 3 1 0 0 0/0 20:22 0:00 0:31
Auston Matthews 0 2 2 -3 0 3 0 2 1 0 23/33 23:07 2:21 0:00
Ben Chiarot 0 0 0 -2 2 2 3 0 1 1 0/0 18:08 0:00 0:00
Bryan Rust 0 0 0 -3 0 2 0 0 0 0 0/1 12:37 0:00 0:19
Charles Hudon 0 0 0 0 0 0 1 1 0 0 1/2 3:10 0:00 0:00
Elias Lindholm 0 0 0 0 0 3 2 1 0 0 12/13 18:42 2:21 0:12
Erik Gustafsson 0 0 0 -1 0 2 0 1 0 0 0/0 18:31 2:19 0:00
Jesper Fast 0 0 0 1 0 2 0 0 0 0 1/1 15:32 0:00 0:12
Justin Faulk 0 0 0 -2 0 1 4 1 0 1 0/0 21:07 2:37 0:00
Marcus Johansson 0 0 0 0 0 4 0 0 2 0 0/0 16:03 2:21 0:00
Matt Duchene 1 1 2 -3 0 3 0 0 0 0 0/0 14:54 2:35 0:00
Matt Roy 0 0 0 -1 0 2 2 3 0 2 0/0 19:02 2:19 0:31
Max Pacioretty 1 0 1 -1 0 1 0 2 0 0 0/2 15:48 2:35 0:00
Oliver Ekman-Larsson 0 1 1 0 0 0 1 0 0 0 0/0 22:49 2:37 0:00
Radek Faksa 0 0 0 0 0 1 1 0 0 0 6/10 14:01 0:00 0:19
Sonny Milano 0 0 0 1 0 9 1 1 0 0 0/0 15:20 0:00 0:00
Tyler Johnson 0 0 0 0 0 2 0 0 2 0 0/0 13:06 0:14 0:00
Vladimir Tarasenko 0 0 0 -1 0 5 1 0 1 1 0/0 17:09 2:21 0:00
3 Stars
1 - Sam Gagner (NSH)
2 - Corey Perry (NSH)
3 - Ethan Bear (NSH)
Power Play
Nashville Predators - 1 on 1 Attempt(s) - 100.00%
Philadelphia Flyers - 2 on 4 Attempt(s) - 50.00%
Penalty Kill
Nashville Predators - 2 on 4 Attempt(s) - 50.00%
- Score 0 goal in Penalty Kill
Philadelphia Flyers - 0 on 1 Attempt(s) - 0.00%
- Score 0 goal in Penalty Kill
Team Stat
Nashville Predators - Hits : 23 - Faceoff Wins : 19 - Blocked Shots : 14 - Penalty Minutes : 8
Philadelphia Flyers - Hits : 19 - Faceoff Wins : 43 - Blocked Shots : 13 - Penalty Minutes : 2
Official
Referees : Kendrick Nicholson and Frederick L'Ecuyer
Linesman : Mark Shewchyk and Brad Lazarowich
Game Notes
Charles Hudon is injured at 13:40 of 1st period (Sports Hernia)
Justin Braun is injured at 18:17 of 2nd period (Sore Right Knee)
Finance
Level 1 -- Attendance: 4328 (72.13%) -- Ticket Income $419,816
Level 2 -- Attendance: 3693 (73.86%) -- Ticket Income $210,501
Level 3 -- Attendance: 2470 (82.33%) -- Ticket Income $83,980
Level 4 -- Attendance: 3994 (79.88%) -- Ticket Income $91,862
Luxury Box -- Attendance: 703 (70.30%) -- Ticket Income $137,085
Game was played at the Wells Fargo Center.
Total Attendance: 15188 (75.94%)
Total Ticket Income: $943,244
Other Income: $330,135
Total Income: $1,273,379
Nashville Predators
5 vs 5 Forward
Center Left Wing Right Wing Time % Phy DF OF
1 Thomas Novak Kevin Labanc Blake Wheeler 30 1 2 2
2 Corey Perry Alex Newhook Sam Gagner 30 1 2 2
3 Riley Nash Patrick Maroon Rasmus Kupari 25 1 2 2
4 Ryan Carpenter Cameron Hughes Brett Leason 15 1 2 2
5 vs 5 Defense
Defense Defense Time % Phy DF OF
1 Cale Makar Rasmus Ristolainen 35 1 2 2
2 Nate Schmidt Justin Braun 35 1 2 2
3 Alexander Alexeyev Ethan Bear 30 1 2 2
4 Cale Makar Nate Schmidt 0 1 2 2
PowerPlay Forward
Center Left Wing Right Wing Time % Phy DF OF
1 Blake Wheeler Kevin Labanc Corey Perry 50 1 2 2
2 Thomas Novak Riley Nash Sam Gagner 50 1 2 2
PowerPlay Defense
Defense Defense Time % Phy DF OF
1 Cale Makar Rasmus Ristolainen 50 1 2 2
2 Alexander Alexeyev Ethan Bear 50 1 2 2
Penalty Kill 4 Players Forward
Center Wing Time % Phy DF OF
1 Riley Nash Blake Wheeler 50 1 2 2
2 Ryan Carpenter Brett Leason 50 1 2 2
Penalty Kill 4 Players Defense
Defense Defense Time % Phy DF OF
1 Cale Makar Rasmus Ristolainen 50 1 2 2
2 Ethan Bear Alexander Alexeyev 50 1 2 2
Penalty Kill - 3 Players Forward
Forward Time % Phy DF OF
1 Riley Nash 50 1 2 2
2 Ryan Carpenter 50 1 2 2
Penalty Kill - 3 Players Defense
Defense Defense Time % Phy DF OF
1 Cale Makar Rasmus Ristolainen 50 1 2 2
2 Alexander Alexeyev Ethan Bear 50 1 2 2
4 vs 4 Forward
Center Wing Time % Phy DF OF
1 Thomas Novak Blake Wheeler 50 1 2 2
2 Kevin Labanc Corey Perry 50 1 2 2
4 vs 4 Defense
Defense Defense Time % Phy DF OF
1 Rasmus Ristolainen Cale Makar 50 1 2 2
2 Ethan Bear Alexander Alexeyev 50 1 2 2
Last Minutes Offensive
Center Left Wing Right Wing Defense Defense
Blake Wheeler Kevin Labanc Corey Perry Rasmus Ristolainen Nate Schmidt
Last Minutes Defensive
Center Left Wing Right Wing Defense Defense
Blake Wheeler Kevin Labanc Corey Perry Rasmus Ristolainen Nate Schmidt
Goaltenders
Starting : Adin Hill
Backup : Kevin Lankinen
Extra Forwards
Normal : Brett Leason, Alex Newhook, Blake Wheeler - PP : Brett Leason, Alex Newhook - PK : Kevin Labanc
Extra Defensemen
Normal : Alexander Alexeyev, Cale Makar, Nate Schmidt - PP : Alexander Alexeyev - PK : Ethan Bear, Nate Schmidt
Penalty Shots
Blake Wheeler, Corey Perry, Thomas Novak, Kevin Labanc, Riley Nash
Philadelphia Flyers
5 vs 5 Forward
Center Left Wing Right Wing Time % Phy DF OF
1 Auston Matthews Matt Duchene Bryan Rust 25 0 2 3
2 Elias Lindholm Max Pacioretty Vladimir Tarasenko 25 0 2 3
3 Radek Faksa Marcus Johansson Tyler Johnson 25 0 2 3
4 Charles Hudon Jesper Fast Sonny Milano 25 0 3 2
5 vs 5 Defense
Defense Defense Time % Phy DF OF
1 Justin Faulk Ben Chiarot 35 1 2 2
2 Oliver Ekman-Larsson Artem Zub 35 1 2 2
3 Erik Gustafsson Matt Roy 30 1 2 2
4 Justin Faulk Ben Chiarot 0 1 2 2
PowerPlay Forward
Center Left Wing Right Wing Time % Phy DF OF
1 Auston Matthews Max Pacioretty Matt Duchene 50 0 1 4
2 Elias Lindholm Marcus Johansson Vladimir Tarasenko 50 0 1 4
PowerPlay Defense
Defense Defense Time % Phy DF OF
1 Justin Faulk Oliver Ekman-Larsson 50 0 2 3
2 Erik Gustafsson Matt Roy 50 0 2 3
Penalty Kill 4 Players Forward
Center Wing Time % Phy DF OF
1 Radek Faksa Bryan Rust 50 0 4 1
2 Elias Lindholm Jesper Fast 50 0 4 1
Penalty Kill 4 Players Defense
Defense Defense Time % Phy DF OF
1 Ben Chiarot Matt Roy 50 0 5 0
2 Artem Zub Justin Faulk 50 0 5 0
Penalty Kill - 3 Players Forward
Forward Time % Phy DF OF
1 Radek Faksa 50 0 5 0
2 Elias Lindholm 50 0 5 0
Penalty Kill - 3 Players Defense
Defense Defense Time % Phy DF OF
1 Ben Chiarot Matt Roy 50 0 5 0
2 Artem Zub Justin Faulk 50 0 5 0
4 vs 4 Forward
Center Wing Time % Phy DF OF
1 Auston Matthews Matt Duchene 50 0 2 3
2 Elias Lindholm Max Pacioretty 50 0 2 3
4 vs 4 Defense
Defense Defense Time % Phy DF OF
1 Justin Faulk Ben Chiarot 50 1 2 2
2 Oliver Ekman-Larsson Artem Zub 50 1 2 2
Last Minutes Offensive
Center Left Wing Right Wing Defense Defense
Auston Matthews Elias Lindholm Matt Duchene Justin Faulk Oliver Ekman-Larsson
Last Minutes Defensive
Center Left Wing Right Wing Defense Defense
Elias Lindholm Radek Faksa Bryan Rust Ben Chiarot Matt Roy
Goaltenders
Starting : Connor Ingram
Backup : Jake Allen
Extra Forwards
Normal : Auston Matthews, Elias Lindholm, Matt Duchene - PP : Auston Matthews, Elias Lindholm - PK : Elias Lindholm
Extra Defensemen
Normal : Justin Faulk, Oliver Ekman-Larsson, Erik Gustafsson - PP : Justin Faulk - PK : Ben Chiarot, Matt Roy
Penalty Shots
Auston Matthews, Matt Duchene, Max Pacioretty, Elias Lindholm, Vladimir Tarasenko
% Time on Ice - Nashville Predators
Lines # - Real PCT - Wanted PCT - Time Play
Normal Forward
1 - 28% - 30% - 15:21
2 - 30% - 30% - 16:24
3 - 27% - 25% - 14:41
4 - 15% - 15% - 8:07
Normal Defense
1 - 36% - 35% - 19:47
2 - 35% - 35% - 19:00
3 - 29% - 30% - 15:46
4 - 0% - 0% - 0:00
PP Forward
1 - 65% - 50% - 0:20
2 - 35% - 50% - 0:11
PP Defense
1 - 100% - 50% - 0:31
2 - 0% - 50% - 0:00
PK Forward
1 - 55% - 50% - 2:43
2 - 45% - 50% - 2:13
PK Defense
1 - 52% - 50% - 2:34
2 - 48% - 50% - 2:22
PK3 Forward
1 - 0% - 50%
2 - 0% - 50%
PK3 Defense
1 - 0% - 50%
2 - 0% - 50%
44 Forward
1 - 0% - 50%
2 - 0% - 50%
44 Defense
1 - 0% - 50%
2 - 0% - 50%
Last Minute Offensive - 0:00
Last Minute Defensive - 0:00
Total
Forward - 60:00
Defense - 60:00
|
% Time on Ice - Philadelphia Flyers
Lines # - Real PCT - Wanted PCT - Time Play
Normal Forward
1 - 23% - 25% - 12:19
2 - 24% - 25% - 13:12
3 - 25% - 25% - 13:42
4 - 28% - 25% - 15:20
Normal Defense
1 - 34% - 35% - 18:30
2 - 37% - 35% - 20:02
3 - 29% - 30% - 16:01
4 - 0% - 0% - 0:00
PP Forward
1 - 52% - 50% - 2:35
2 - 48% - 50% - 2:21
PP Defense
1 - 53% - 50% - 2:37
2 - 47% - 50% - 2:19
PK Forward
1 - 61% - 50% - 0:19
2 - 39% - 50% - 0:12
PK Defense
1 - 100% - 50% - 0:31
2 - 0% - 50% - 0:00
PK3 Forward
1 - 0% - 50%
2 - 0% - 50%
PK3 Defense
1 - 0% - 50%
2 - 0% - 50%
44 Forward
1 - 0% - 50%
2 - 0% - 50%
44 Defense
1 - 0% - 50%
2 - 0% - 50%
Last Minute Offensive - 0:00
Last Minute Defensive - 0:00
Total
Forward - 60:00
Defense - 60:00
|
Play-by-Play
1st period
0:01 of 1st period - Auston Matthews wins face-off versus Thomas Novak in neutral zone.
0:12 of 1st period - Slapshot by Matt Duchene.
0:12 of 1st period - Shot Misses the Net.
0:45 of 1st period - Minor Penalty to Corey Perry for Hooking.
0:46 of 1st period - Riley Nash wins face-off versus Auston Matthews in Nashville Predators zone.
0:59 of 1st period - Slapshot by Matt Duchene.
0:59 of 1st period - Shot Misses the Net.
1:01 of 1st period - Snap shot by Max Pacioretty.
1:01 of 1st period - Goal by Max Pacioretty - Nashville Predators : 0 - Philadelphia Flyers : 1.
1:02 of 1st period - Charles Hudon wins face-off versus Riley Nash in neutral zone.
1:23 of 1st period - Minor Penalty to Patrick Maroon for Interference.
1:24 of 1st period - Elias Lindholm wins face-off versus Riley Nash in Nashville Predators zone.
1:39 of 1st period - Wrist shot by Marcus Johansson.
1:39 of 1st period - Shot Misses the Net.
1:55 of 1st period - Icing by Auston Matthews.
1:56 of 1st period - Auston Matthews wins face-off versus Ryan Carpenter in Philadelphia Flyers zone.
2:05 of 1st period - Wrist shot by Matt Duchene.
2:05 of 1st period - Goal by Matt Duchene - Nashville Predators : 0 - Philadelphia Flyers : 2.
2:06 of 1st period - Radek Faksa wins face-off versus Ryan Carpenter in neutral zone.
2:19 of 1st period - Snap shot by Ryan Carpenter.
2:19 of 1st period - Stopped by Connor Ingram with a rebound.
2:21 of 1st period - Snap shot by Ryan Carpenter.
2:21 of 1st period - Stopped by Connor Ingram without a rebound.
2:22 of 1st period - Thomas Novak wins face-off versus Charles Hudon in Philadelphia Flyers zone.
2:23 of 1st period - Slapshot by Blake Wheeler.
2:23 of 1st period - Shot Blocked by Charles Hudon.
2:48 of 1st period - Bryan Rust is hit by Rasmus Ristolainen and loses puck.
3:17 of 1st period - Snap shot by Marcus Johansson.
3:17 of 1st period - Stopped by Adin Hill with a rebound.
3:35 of 1st period - Blake Wheeler is hit by Ben Chiarot and loses puck.
4:04 of 1st period - Slapshot by Brett Leason.
4:04 of 1st period - Stopped by Connor Ingram with a rebound.
4:06 of 1st period - Snap shot by Alexander Alexeyev.
4:06 of 1st period - Shot Misses the Net.
5:13 of 1st period - Slapshot by Elias Lindholm.
5:13 of 1st period - Shot Misses the Net.
5:18 of 1st period - Slapshot by Oliver Ekman-Larsson.
5:18 of 1st period - Shot Blocked by Nate Schmidt.
6:11 of 1st period - Snap shot by Tyler Johnson.
6:11 of 1st period - Stopped by Adin Hill with a rebound.
6:13 of 1st period - Slapshot by Marcus Johansson.
6:13 of 1st period - Shot Misses the Net.
6:15 of 1st period - Snap shot by Justin Faulk.
6:15 of 1st period - Stopped by Adin Hill with a rebound.
6:54 of 1st period - Snap shot by Sonny Milano.
6:54 of 1st period - Shot Blocked by Rasmus Ristolainen.
6:56 of 1st period - Slapshot by Matt Roy.
6:56 of 1st period - Shot Misses the Net.
7:43 of 1st period - Rasmus Kupari is hit by Justin Faulk and loses puck.
7:54 of 1st period - Alexander Alexeyev is hit by Sonny Milano.
7:58 of 1st period - Erik Gustafsson is hit by Rasmus Kupari and loses puck.
8:03 of 1st period - Snap shot by Riley Nash.
8:03 of 1st period - Deflect By Rasmus Kupari.
8:03 of 1st period - Stopped by Connor Ingram with a rebound.
8:09 of 1st period - Ethan Bear is hit by Charles Hudon and loses puck.
9:03 of 1st period - Wrist shot by Radek Faksa.
9:03 of 1st period - Shot Misses the Net.
9:05 of 1st period - Snap shot by Radek Faksa.
9:05 of 1st period - Stopped by Adin Hill with a rebound.
9:21 of 1st period - Charles Hudon is hit by Ethan Bear and loses puck.
9:28 of 1st period - Sam Gagner is hit by Artem Zub and loses puck.
9:45 of 1st period - Snap shot by Brett Leason.
9:45 of 1st period - Shot Blocked by Elias Lindholm.
10:11 of 1st period - Marcus Johansson is hit by Ryan Carpenter and loses puck.
10:30 of 1st period - Snap shot by Sonny Milano.
10:30 of 1st period - Shot Misses the Net.
10:45 of 1st period - Icing by Matt Roy.
10:46 of 1st period - Ryan Carpenter wins face-off versus Auston Matthews in Philadelphia Flyers zone.
11:25 of 1st period - Matt Roy is hit by Rasmus Kupari and loses puck.
11:35 of 1st period - Icing by Elias Lindholm.
11:36 of 1st period - Elias Lindholm wins face-off versus Corey Perry in Philadelphia Flyers zone.
12:52 of 1st period - Justin Braun is hit by Oliver Ekman-Larsson and loses puck.
13:23 of 1st period - Wrist shot by Blake Wheeler.
13:23 of 1st period - Shot Blocked by Max Pacioretty.
13:27 of 1st period - Snap shot by Blake Wheeler.
13:27 of 1st period - Stopped by Connor Ingram with a rebound.
13:39 of 1st period - Charles Hudon is hit by Ethan Bear and loses puck.
13:40 of 1st period - Charles Hudon from Philadelphia Flyers is injured at 13:40 of 1st period (Sports Hernia).
13:41 of 1st period - Radek Faksa wins face-off versus Corey Perry in Philadelphia Flyers zone.
14:02 of 1st period - Minor Penalty to Ben Chiarot for Boarding.
14:03 of 1st period - Radek Faksa wins face-off versus Blake Wheeler in Philadelphia Flyers zone.
14:33 of 1st period - Wrist shot by Sam Gagner.
14:33 of 1st period - Goal by Sam Gagner - Nashville Predators : 1 - Philadelphia Flyers : 2.
14:34 of 1st period - Auston Matthews wins face-off versus Thomas Novak in neutral zone.
14:37 of 1st period - Wrist shot by Sonny Milano.
14:37 of 1st period - Deflect By Auston Matthews.
14:37 of 1st period - Stopped by Adin Hill without a rebound.
14:38 of 1st period - Auston Matthews wins face-off versus Kevin Labanc in Nashville Predators zone.
15:03 of 1st period - Slapshot by Cale Makar.
15:03 of 1st period - Shot Blocked by Justin Faulk.
15:11 of 1st period - Slapshot by Cale Makar.
15:11 of 1st period - Stopped by Connor Ingram without a rebound.
15:12 of 1st period - Auston Matthews wins face-off versus Thomas Novak in Philadelphia Flyers zone.
15:23 of 1st period - Snap shot by Blake Wheeler.
15:23 of 1st period - Stopped by Connor Ingram without a rebound.
15:24 of 1st period - Elias Lindholm wins face-off versus Corey Perry in Philadelphia Flyers zone.
16:22 of 1st period - Snap shot by Marcus Johansson.
16:22 of 1st period - Shot Misses the Net.
16:59 of 1st period - Icing by Ryan Carpenter.
17:00 of 1st period - Elias Lindholm wins face-off versus Corey Perry in Nashville Predators zone.
17:15 of 1st period - Slapshot by Alex Newhook.
17:15 of 1st period - Deflect By Corey Perry.
17:15 of 1st period - Shot Blocked by Matt Roy.
17:15 of 1st period - Puck is out of play.
17:16 of 1st period - Thomas Novak wins face-off versus Auston Matthews in Philadelphia Flyers zone.
17:17 of 1st period - Snap shot by Blake Wheeler.
17:17 of 1st period - Stopped by Connor Ingram without a rebound.
17:18 of 1st period - Thomas Novak wins face-off versus Auston Matthews in Philadelphia Flyers zone.
18:57 of 1st period - Wrist shot by Vladimir Tarasenko.
18:57 of 1st period - Shot Misses the Net.
19:25 of 1st period - Snap shot by Sam Gagner.
19:25 of 1st period - Stopped by Connor Ingram with a rebound.
19:27 of 1st period - Wrist shot by Alex Newhook.
19:27 of 1st period - Deflect By Sam Gagner.
19:27 of 1st period - Shot Misses the Net.
19:27 of 1st period - Puck is out of play.
19:28 of 1st period - Radek Faksa wins face-off versus Corey Perry in Philadelphia Flyers zone.
Goals for this period are 1 for Nashville Predators vs 2 for Philadelphia Flyers.
Shots for this period are 10 for Nashville Predators vs 7 for Philadelphia Flyers.
2nd period
0:01 of 2nd period - Auston Matthews wins face-off versus Riley Nash in neutral zone.
0:04 of 2nd period - Rasmus Kupari is hit by Artem Zub and loses puck.
0:09 of 2nd period - Slapshot by Auston Matthews.
0:09 of 2nd period - Stopped by Adin Hill with a rebound.
0:11 of 2nd period - Snap shot by Sonny Milano.
0:11 of 2nd period - Stopped by Adin Hill with a rebound.
0:25 of 2nd period - Nate Schmidt is hit by Radek Faksa and loses puck.
0:32 of 2nd period - Slapshot by Marcus Johansson.
0:32 of 2nd period - Stopped by Adin Hill with a rebound.
0:34 of 2nd period - Slapshot by Justin Faulk.
0:34 of 2nd period - Shot Blocked by Riley Nash.
0:48 of 2nd period - Snap shot by Rasmus Kupari.
0:48 of 2nd period - Stopped by Connor Ingram without a rebound.
0:49 of 2nd period - Elias Lindholm wins face-off versus Blake Wheeler in Philadelphia Flyers zone.
0:59 of 2nd period - Icing by Blake Wheeler.
1:00 of 2nd period - Auston Matthews wins face-off versus Thomas Novak in Nashville Predators zone.
1:01 of 2nd period - Wrist shot by Matt Duchene.
1:01 of 2nd period - Stopped by Adin Hill with a rebound.
1:15 of 2nd period - Slapshot by Blake Wheeler.
1:15 of 2nd period - Shot Misses the Net.
1:47 of 2nd period - Slapshot by Blake Wheeler.
1:47 of 2nd period - Shot Misses the Net.
1:49 of 2nd period - Snap shot by Thomas Novak.
1:49 of 2nd period - Deflect By Blake Wheeler.
1:49 of 2nd period - Shot Blocked by Erik Gustafsson.
1:49 of 2nd period - Puck is out of play.
1:50 of 2nd period - Auston Matthews wins face-off versus Corey Perry in Philadelphia Flyers zone.
1:50 of 2nd period - Auston Matthews is hit by Alex Newhook.
2:04 of 2nd period - Snap shot by Sonny Milano.
2:04 of 2nd period - Shot Hit the Post.
2:37 of 2nd period - Snap shot by Marcus Johansson.
2:37 of 2nd period - Shot Blocked by Alexander Alexeyev.
2:39 of 2nd period - Wrist shot by Marcus Johansson.
2:39 of 2nd period - Stopped by Adin Hill with a rebound.
2:41 of 2nd period - Slapshot by Erik Gustafsson.
2:41 of 2nd period - Deflect By Marcus Johansson.
2:41 of 2nd period - Stopped by Adin Hill without a rebound.
2:42 of 2nd period - Ryan Carpenter wins face-off versus Radek Faksa in Nashville Predators zone.
2:46 of 2nd period - Off-side.
2:47 of 2nd period - Auston Matthews wins face-off versus Corey Perry in neutral zone.
2:52 of 2nd period - Wrist shot by Bryan Rust.
2:52 of 2nd period - Stopped by Adin Hill with a rebound.
2:54 of 2nd period - Slapshot by Auston Matthews.
2:54 of 2nd period - Stopped by Adin Hill with a rebound.
2:56 of 2nd period - Slapshot by Erik Gustafsson.
2:56 of 2nd period - Stopped by Adin Hill with a rebound.
2:58 of 2nd period - Slapshot by Erik Gustafsson.
2:58 of 2nd period - Shot Misses the Net.
3:02 of 2nd period - Wrist shot by Bryan Rust.
3:02 of 2nd period - Stopped by Adin Hill with a rebound.
3:04 of 2nd period - Slapshot by Erik Gustafsson.
3:04 of 2nd period - Deflect By Nate Schmidt.
3:04 of 2nd period - Stopped by Adin Hill with a rebound.
3:38 of 2nd period - Auston Matthews is hit by Patrick Maroon.
3:58 of 2nd period - Snap shot by Ryan Carpenter.
3:58 of 2nd period - Stopped by Connor Ingram without a rebound.
3:59 of 2nd period - Elias Lindholm wins face-off versus Ryan Carpenter in Philadelphia Flyers zone.
4:06 of 2nd period - Snap shot by Cale Makar.
4:06 of 2nd period - Shot Misses the Net.
6:01 of 2nd period - Snap shot by Vladimir Tarasenko.
6:01 of 2nd period - Stopped by Adin Hill without a rebound.
6:02 of 2nd period - Auston Matthews wins face-off versus Corey Perry in Nashville Predators zone.
6:27 of 2nd period - Slapshot by Blake Wheeler.
6:27 of 2nd period - Shot Blocked by Auston Matthews.
6:35 of 2nd period - Sonny Milano is hit by Blake Wheeler and loses puck.
7:12 of 2nd period - Wrist shot by Sam Gagner.
7:12 of 2nd period - Shot Misses the Net.
7:14 of 2nd period - Snap shot by Corey Perry.
7:14 of 2nd period - Goal by Corey Perry - Nashville Predators : 2 - Philadelphia Flyers : 2.
7:15 of 2nd period - Auston Matthews wins face-off versus Corey Perry in neutral zone.
7:18 of 2nd period - Snap shot by Matt Duchene.
7:18 of 2nd period - Stopped by Adin Hill with a rebound.
7:40 of 2nd period - Erik Gustafsson is hit by Blake Wheeler.
8:10 of 2nd period - Snap shot by Tyler Johnson.
8:10 of 2nd period - Stopped by Adin Hill without a rebound.
8:11 of 2nd period - Auston Matthews wins face-off versus Corey Perry in Nashville Predators zone.
8:37 of 2nd period - Jesper Fast is hit by Kevin Labanc and loses puck.
9:12 of 2nd period - Minor Penalty to Patrick Maroon for Hooking.
9:13 of 2nd period - Elias Lindholm wins face-off versus Riley Nash in Nashville Predators zone.
9:14 of 2nd period - Snap shot by Vladimir Tarasenko.
9:14 of 2nd period - Stopped by Adin Hill without a rebound.
9:15 of 2nd period - Elias Lindholm wins face-off versus Blake Wheeler in Nashville Predators zone.
9:28 of 2nd period - Snap shot by Elias Lindholm.
9:28 of 2nd period - Stopped by Adin Hill with a rebound.
9:30 of 2nd period - Snap shot by Matt Roy.
9:30 of 2nd period - Deflect By Vladimir Tarasenko.
9:30 of 2nd period - Shot Blocked by Ethan Bear.
9:30 of 2nd period - Puck is out of play.
9:31 of 2nd period - Brett Leason wins face-off versus Auston Matthews in Nashville Predators zone.
10:06 of 2nd period - Snap shot by Ryan Carpenter.
10:06 of 2nd period - Shot Blocked by Matt Roy.
11:12 of 2nd period - Penalty to Patrick Maroon is over, Patrick Maroon is back on ice.
11:22 of 2nd period - Snap shot by Alex Newhook.
11:22 of 2nd period - Deflect By Corey Perry.
11:22 of 2nd period - Shot Misses the Net.
11:22 of 2nd period - Puck is out of play.
11:23 of 2nd period - Auston Matthews wins face-off versus Corey Perry in Philadelphia Flyers zone.
11:44 of 2nd period - Tyler Johnson is hit by Kevin Labanc.
13:19 of 2nd period - Patrick Maroon is hit by Vladimir Tarasenko and loses puck.
13:24 of 2nd period - Snap shot by Elias Lindholm.
13:24 of 2nd period - Stopped by Adin Hill without a rebound.
13:25 of 2nd period - Auston Matthews wins face-off versus Corey Perry in Nashville Predators zone.
13:28 of 2nd period - Slapshot by Sonny Milano.
13:28 of 2nd period - Stopped by Adin Hill with a rebound.
13:38 of 2nd period - Snap shot by Corey Perry.
13:38 of 2nd period - Shot Misses the Net.
14:00 of 2nd period - Snap shot by Thomas Novak.
14:00 of 2nd period - Shot Misses the Net.
14:14 of 2nd period - Snap shot by Elias Lindholm.
14:14 of 2nd period - Stopped by Adin Hill without a rebound.
14:15 of 2nd period - Corey Perry wins face-off versus Max Pacioretty in Nashville Predators zone.
15:01 of 2nd period - Justin Braun is hit by Elias Lindholm and loses puck.
15:06 of 2nd period - Snap shot by Elias Lindholm.
15:06 of 2nd period - Shot Blocked by Nate Schmidt.
15:08 of 2nd period - Backhand shot by Matt Roy.
15:08 of 2nd period - Stopped by Adin Hill with a rebound.
15:25 of 2nd period - Wrist shot by Brett Leason.
15:25 of 2nd period - Stopped by Connor Ingram with a rebound.
16:23 of 2nd period - Ben Chiarot is hit by Patrick Maroon and loses puck.
16:43 of 2nd period - Brett Leason is hit by Justin Faulk and loses puck.
17:14 of 2nd period - Snap shot by Thomas Novak.
17:14 of 2nd period - Shot Misses the Net.
17:16 of 2nd period - Wrist shot by Blake Wheeler.
17:16 of 2nd period - Shot Misses the Net.
17:18 of 2nd period - Snap shot by Thomas Novak.
17:18 of 2nd period - Stopped by Connor Ingram without a rebound.
17:19 of 2nd period - Jesper Fast wins face-off versus Alex Newhook in Philadelphia Flyers zone.
17:19 of 2nd period - Jesper Fast is hit by Alex Newhook.
17:35 of 2nd period - Snap shot by Alex Newhook.
17:35 of 2nd period - Stopped by Connor Ingram with a rebound.
18:16 of 2nd period - Justin Braun is hit by Matt Roy and loses puck.
18:17 of 2nd period - Justin Braun from Nashville Predators is injured at 18:17 of 2nd period (Sore Right Knee).
18:18 of 2nd period - Auston Matthews wins face-off versus Corey Perry in Nashville Predators zone.
18:31 of 2nd period - Wrist shot by Matt Duchene.
18:31 of 2nd period - Shot Blocked by Alex Newhook.
18:33 of 2nd period - Snap shot by Matt Roy.
18:33 of 2nd period - Stopped by Adin Hill without a rebound.
18:34 of 2nd period - Thomas Novak wins face-off versus Elias Lindholm in Nashville Predators zone.
18:34 of 2nd period - Thomas Novak is hit by Justin Faulk.
19:01 of 2nd period - Kevin Labanc is hit by Ben Chiarot and loses puck.
19:26 of 2nd period - Snap shot by Sam Gagner.
19:26 of 2nd period - Stopped by Connor Ingram with a rebound.
19:50 of 2nd period - Vladimir Tarasenko is hit by Rasmus Ristolainen and loses puck.
Goals for this period are 1 for Nashville Predators vs 0 for Philadelphia Flyers.
Shots for this period are 7 for Nashville Predators vs 21 for Philadelphia Flyers.
3rd period
0:01 of 3rd period - Auston Matthews wins face-off versus Riley Nash in neutral zone.
1:09 of 3rd period - Snap shot by Ryan Carpenter.
1:09 of 3rd period - Shot Hit the Post.
1:11 of 3rd period - Slapshot by Alexander Alexeyev.
1:11 of 3rd period - Stopped by Connor Ingram with a rebound.
1:13 of 3rd period - Slapshot by Alexander Alexeyev.
1:13 of 3rd period - Deflect By Erik Gustafsson.
1:13 of 3rd period - Stopped by Connor Ingram without a rebound.
1:14 of 3rd period - Riley Nash wins face-off versus Max Pacioretty in Philadelphia Flyers zone.
1:29 of 3rd period - Snap shot by Vladimir Tarasenko.
1:29 of 3rd period - Stopped by Adin Hill with a rebound.
1:31 of 3rd period - Slapshot by Ben Chiarot.
1:31 of 3rd period - Stopped by Adin Hill without a rebound.
1:32 of 3rd period - Auston Matthews wins face-off versus Thomas Novak in Nashville Predators zone.
1:57 of 3rd period - Rasmus Ristolainen is hit by Matt Roy and loses puck.
2:06 of 3rd period - Backhand shot by Sonny Milano.
2:06 of 3rd period - Stopped by Adin Hill without a rebound.
2:07 of 3rd period - Riley Nash wins face-off versus Auston Matthews in Nashville Predators zone.
2:12 of 3rd period - Justin Faulk is hit by Riley Nash and loses puck.
2:17 of 3rd period - Wrist shot by Patrick Maroon.
2:17 of 3rd period - Deflect By Riley Nash.
2:17 of 3rd period - Stopped by Connor Ingram without a rebound.
2:18 of 3rd period - Auston Matthews wins face-off versus Corey Perry in Philadelphia Flyers zone.
3:08 of 3rd period - Snap shot by Sam Gagner.
3:08 of 3rd period - Stopped by Connor Ingram with a rebound.
3:10 of 3rd period - Slapshot by Nate Schmidt.
3:10 of 3rd period - Shot Blocked by Max Pacioretty.
3:30 of 3rd period - Icing by Alex Newhook.
3:31 of 3rd period - Corey Perry wins face-off versus Auston Matthews in Nashville Predators zone.
3:36 of 3rd period - Wrist shot by Sam Gagner.
3:36 of 3rd period - Shot Blocked by Matt Roy.
3:38 of 3rd period - Slapshot by Nate Schmidt.
3:38 of 3rd period - Shot Misses the Net.
3:40 of 3rd period - Snap shot by Nate Schmidt.
3:40 of 3rd period - Shot Misses the Net.
3:42 of 3rd period - Slapshot by Nate Schmidt.
3:42 of 3rd period - Stopped by Connor Ingram with a rebound.
3:44 of 3rd period - Wrist shot by Corey Perry.
3:44 of 3rd period - Goal by Corey Perry - Nashville Predators : 3 - Philadelphia Flyers : 2.
3:45 of 3rd period - Auston Matthews wins face-off versus Thomas Novak in neutral zone.
4:00 of 3rd period - Wrist shot by Blake Wheeler.
4:00 of 3rd period - Goal by Blake Wheeler - Nashville Predators : 4 - Philadelphia Flyers : 2.
4:01 of 3rd period - Riley Nash wins face-off versus Auston Matthews in neutral zone.
4:04 of 3rd period - Wrist shot by Riley Nash.
4:04 of 3rd period - Shot Misses the Net.
4:28 of 3rd period - Tyler Johnson is hit by Kevin Labanc.
4:55 of 3rd period - Snap shot by Cameron Hughes.
4:55 of 3rd period - Shot Misses the Net.
4:57 of 3rd period - Slapshot by Alexander Alexeyev.
4:57 of 3rd period - Shot Blocked by Sonny Milano.
5:21 of 3rd period - Elias Lindholm is hit by Sam Gagner and loses puck.
5:33 of 3rd period - Off-side.
5:34 of 3rd period - Riley Nash wins face-off versus Radek Faksa in neutral zone.
6:10 of 3rd period - Snap shot by Thomas Novak.
6:10 of 3rd period - Shot Misses the Net.
6:12 of 3rd period - Snap shot by Cale Makar.
6:12 of 3rd period - Stopped by Connor Ingram with a rebound.
6:27 of 3rd period - Wrist shot by Sam Gagner.
6:27 of 3rd period - Shot Misses the Net.
6:29 of 3rd period - Wrist shot by Sam Gagner.
6:29 of 3rd period - Stopped by Connor Ingram with a rebound.
6:31 of 3rd period - Wrist shot by Nate Schmidt.
6:31 of 3rd period - Shot Blocked by Auston Matthews.
6:50 of 3rd period - Snap shot by Sonny Milano.
6:50 of 3rd period - Shot Blocked by Cale Makar.
7:04 of 3rd period - Wrist shot by Sonny Milano.
7:04 of 3rd period - Stopped by Adin Hill without a rebound.
7:05 of 3rd period - Radek Faksa wins face-off versus Kevin Labanc in Nashville Predators zone.
7:06 of 3rd period - Snap shot by Marcus Johansson.
7:06 of 3rd period - Shot Blocked by Ethan Bear.
7:08 of 3rd period - Wrist shot by Radek Faksa.
7:08 of 3rd period - Shot Misses the Net.
7:10 of 3rd period - Minor Penalty to Blake Wheeler for Interference.
7:11 of 3rd period - Elias Lindholm wins face-off versus Riley Nash in Nashville Predators zone.
8:26 of 3rd period - Rasmus Ristolainen is hit by Justin Faulk and loses puck.
9:10 of 3rd period - Penalty to Blake Wheeler is over, Blake Wheeler is back on ice.
9:52 of 3rd period - Icing by Corey Perry.
9:53 of 3rd period - Corey Perry wins face-off versus Radek Faksa in Nashville Predators zone.
10:04 of 3rd period - Radek Faksa is hit by Cale Makar and loses puck.
10:11 of 3rd period - Radek Faksa is hit by Cale Makar and loses puck.
10:22 of 3rd period - Snap shot by Patrick Maroon.
10:22 of 3rd period - Shot Misses the Net.
10:24 of 3rd period - Snap shot by Alexander Alexeyev.
10:24 of 3rd period - Shot Misses the Net.
10:44 of 3rd period - Marcus Johansson is hit by Ryan Carpenter and loses puck.
11:11 of 3rd period - Snap shot by Sam Gagner.
11:11 of 3rd period - Shot Misses the Net.
11:52 of 3rd period - Kevin Labanc is hit by Elias Lindholm and loses puck.
12:07 of 3rd period - Jesper Fast is hit by Thomas Novak and loses puck.
12:20 of 3rd period - Slapshot by Artem Zub.
12:20 of 3rd period - Goal by Artem Zub - Nashville Predators : 4 - Philadelphia Flyers : 3.
12:21 of 3rd period - Riley Nash wins face-off versus Bryan Rust in neutral zone.
12:32 of 3rd period - Snap shot by Rasmus Kupari.
12:32 of 3rd period - Stopped by Connor Ingram with a rebound.
12:34 of 3rd period - Slapshot by Rasmus Ristolainen.
12:34 of 3rd period - Stopped by Connor Ingram without a rebound.
12:35 of 3rd period - Alex Newhook wins face-off versus Auston Matthews in Philadelphia Flyers zone.
12:38 of 3rd period - Snap shot by Alex Newhook.
12:38 of 3rd period - Stopped by Connor Ingram with a rebound.
12:40 of 3rd period - Snap shot by Sam Gagner.
12:40 of 3rd period - Stopped by Connor Ingram without a rebound.
12:41 of 3rd period - Auston Matthews wins face-off versus Corey Perry in Philadelphia Flyers zone.
13:06 of 3rd period - Snap shot by Blake Wheeler.
13:06 of 3rd period - Deflect By Kevin Labanc.
13:06 of 3rd period - Stopped by Connor Ingram with a rebound.
13:08 of 3rd period - Snap shot by Ethan Bear.
13:08 of 3rd period - Deflect By Thomas Novak.
13:08 of 3rd period - Goal by Thomas Novak - Nashville Predators : 5 - Philadelphia Flyers : 3.
13:09 of 3rd period - Elias Lindholm wins face-off versus Riley Nash in neutral zone.
13:14 of 3rd period - Slapshot by Oliver Ekman-Larsson.
13:14 of 3rd period - Shot Misses the Net.
13:16 of 3rd period - Slapshot by Oliver Ekman-Larsson.
13:16 of 3rd period - Shot Blocked by Rasmus Kupari.
13:34 of 3rd period - Blake Wheeler is hit by Artem Zub and loses puck.
13:39 of 3rd period - Wrist shot by Auston Matthews.
13:39 of 3rd period - Shot Blocked by Cale Makar.
13:46 of 3rd period - Off-side.
13:47 of 3rd period - Elias Lindholm wins face-off versus Corey Perry in neutral zone.
14:32 of 3rd period - Wrist shot by Vladimir Tarasenko.
14:32 of 3rd period - Stopped by Adin Hill with a rebound.
14:34 of 3rd period - Wrist shot by Ben Chiarot.
14:34 of 3rd period - Stopped by Adin Hill with a rebound.
14:58 of 3rd period - Slapshot by Elias Lindholm.
14:58 of 3rd period - Deflect By Vladimir Tarasenko.
14:58 of 3rd period - Shot Blocked by Ethan Bear.
14:58 of 3rd period - Puck is out of play.
14:59 of 3rd period - Auston Matthews wins face-off versus Riley Nash in Nashville Predators zone.
15:06 of 3rd period - Wrist shot by Matt Duchene.
15:06 of 3rd period - Shot Misses the Net.
15:31 of 3rd period - Snap shot by Nate Schmidt.
15:31 of 3rd period - Stopped by Connor Ingram without a rebound.
15:32 of 3rd period - Radek Faksa wins face-off versus Ryan Carpenter in Philadelphia Flyers zone.
16:30 of 3rd period - Alexander Alexeyev is hit by Ben Chiarot and loses puck.
16:57 of 3rd period - Slapshot by Cale Makar.
16:57 of 3rd period - Stopped by Connor Ingram without a rebound.
16:58 of 3rd period - Elias Lindholm wins face-off versus Riley Nash in Philadelphia Flyers zone.
17:23 of 3rd period - Oliver Ekman-Larsson is hit by Patrick Maroon and loses puck.
17:28 of 3rd period - Snap shot by Cale Makar.
17:28 of 3rd period - Deflect By Rasmus Kupari.
17:28 of 3rd period - Shot Misses the Net.
17:28 of 3rd period - Puck is out of play.
17:29 of 3rd period - Ryan Carpenter wins face-off versus Auston Matthews in Philadelphia Flyers zone.
18:01 of 3rd period - Wrist shot by Vladimir Tarasenko.
18:01 of 3rd period - Stopped by Adin Hill without a rebound.
18:02 of 3rd period - Riley Nash wins face-off versus Radek Faksa in Nashville Predators zone.
18:11 of 3rd period - Slapshot by Cale Makar.
18:11 of 3rd period - Shot Blocked by Artem Zub.
18:13 of 3rd period - Slapshot by Rasmus Ristolainen.
18:13 of 3rd period - Stopped by Connor Ingram without a rebound.
18:14 of 3rd period - Auston Matthews wins face-off versus Riley Nash in Philadelphia Flyers zone.
18:23 of 3rd period - Slapshot by Sonny Milano.
18:23 of 3rd period - Stopped by Adin Hill without a rebound.
18:24 of 3rd period - Auston Matthews wins face-off versus Riley Nash in Nashville Predators zone.
19:23 of 3rd period - Slapshot by Auston Matthews.
19:23 of 3rd period - Shot Misses the Net.
19:25 of 3rd period - Wrist shot by Jesper Fast.
19:25 of 3rd period - Shot Blocked by Riley Nash.
19:27 of 3rd period - Slapshot by Sonny Milano.
19:27 of 3rd period - Stopped by Adin Hill with a rebound.
19:29 of 3rd period - Slapshot by Oliver Ekman-Larsson.
19:29 of 3rd period - Shot Blocked by Cale Makar.
19:39 of 3rd period - Slapshot by Sonny Milano.
19:39 of 3rd period - Stopped by Adin Hill with a rebound.
19:41 of 3rd period - Snap shot by Sonny Milano.
19:41 of 3rd period - Stopped by Adin Hill with a rebound.
19:43 of 3rd period - Snap shot by Jesper Fast.
19:43 of 3rd period - Stopped by Adin Hill with a rebound.
19:45 of 3rd period - Wrist shot by Auston Matthews.
19:45 of 3rd period - Shot Misses the Net.
19:47 of 3rd period - Slapshot by Sonny Milano.
19:47 of 3rd period - Stopped by Adin Hill with a rebound.
19:51 of 3rd period - Snap shot by Sonny Milano.
19:51 of 3rd period - Shot Misses the Net.
19:57 of 3rd period - Snap shot by Auston Matthews.
19:57 of 3rd period - Deflect By Jesper Fast.
19:57 of 3rd period - Stopped by Adin Hill with a rebound.
Goals for this period are 3 for Nashville Predators vs 1 for Philadelphia Flyers.
Shots for this period are 18 for Nashville Predators vs 15 for Philadelphia Flyers.
Back to the Top